 Dungeon Crawl Stone Soup version 0.25.1-2-g60ff931df9 (console) character file.

Game seed: 1932219880828047798

868 Kagalorn the Shooter (level 7, -5/60 HPs)
             Began as a Centaur Arcane Marksman on Sept 21, 2020.
             Slain by a wyvern (17 damage)
             ... on level 5 of the Dungeon.
             The game lasted 00:17:28 (6509 turns).

Kagalorn the Shooter (Centaur Arcane Marksman)      Turns: 6509, Time: 00:17:29

Health: -5/60      AC:  7    Str: 13    XL:     7   Next: 73%
Magic:  11/11      EV:  7    Int: 14    God:
Gold:   104        SH:  0    Dex:  9    Spells: 11/12 levels left

rFire    . . .     SeeInvis .   b - +0 shortbow
rCold    . . .     Gourm    .   (shield currently unavailable)
rNeg     . . .     Faith    .   q - +0 scale mail
rPois    .         Spirit   .   e - +0 helmet
rElec    .         Reflect  .   (no cloak)
rCorr    .         Harm     .   (no gloves)
MR       .....                  (no barding)
Stlth    ..........             (no amulet)
HPRegen  0.20/turn              (no ring)
MPRegen  0.12/turn              (no ring)

@: very quick
A: large, hooves 3, deformed body, speed 2, tough skin 3
a: no special abilities


You were on level 5 of the Dungeon.
You were very hungry.

You visited 1 branch of the dungeon, and saw 6 of its levels.

You collected 104 gold pieces.

Inventory:

Hand Weapons
 a - a +0 spear
 b - a +0 shortbow (weapon)
Missiles
 c - a throwing net
 d - 39 arrows (quivered)
 g - 85 sling bullets
 k - 118 stones
 l - 26 poisoned darts
Armour
 e - a +0 helmet (worn)
 q - a +0 scale mail (worn)
Scrolls
 i - 2 scrolls of remove curse
 j - a scroll of teleportation
 r - a scroll of magic mapping {unknown}
 u - a scroll of amnesia {unknown}
 w - a scroll of fear {unknown}
 x - 4 scrolls of fog
Potions
 m - a potion of berserk rage {unknown}
 n - a potion of heal wounds
 o - 2 potions of mutation {unknown}
 p - 2 potions of degeneration {unknown}
 s - a potion of haste {unknown}
 t - a potion of lignification {unknown}
 z - a potion of curing
Comestibles
 f - 7 rations


   Skills:
 * Level 4.7 Fighting
 * Level 6.8 Bows
 - Level 1.3 Dodging
 + Level 3.0 Spellcasting
 + Level 4.4 Hexes


You had 11 spell levels left.
You knew the following spells:

 Your Spells              Type           Power        Failure   Level  Hunger
a - Corona                Hex            ##.....      17%         1    #......

Your spell library contained the following spells:

 Spells                   Type           Power        Failure   Level  Hunger
 Slow                     Hex            ##......     26%         2    ##.....
 Inner Flame              Hex/Fire       #.......     77%         3    ###....
 Portal Projectile        Hex/Tloc       #.....       77%         3    ###....
 Cause Fear               Hex            ##........   86%         4    #####..
 Leda's Liquefaction      Hex/Erth       #.........   99%         4    #####..


Dungeon Overview and Level Annotations

Branches:
Dungeon (6/15)
 Temple: D:4-7

Altars:
Makhleb

Shops:
D:5 *[

Annotations:
D:3 Grinder


Innate Abilities, Weirdness & Mutations

You have hooves in place of feet.
Armour fits poorly on your strangely shaped body.
You cover ground very quickly.
You have extremely tough skin. (AC +3)


Message History

Press: ? - help, Shift-Dir - straight line, f/p - wyvern
Aim: a wyvern (moderately wounded)
You shoot an arrow.
The arrow hits the wyvern but does no damage.
The wyvern is moderately wounded.
The wyvern bites you!
Firing (i - inventory. (/) - cycle)
d - 41 arrows (quivered)
Press: ? - help, Shift-Dir - straight line, f/p - wyvern
Aim: a wyvern (moderately wounded)
You shoot an arrow. The arrow hits the wyvern.
The wyvern is heavily wounded.
The wyvern bites you!
* * * LOW HITPOINT WARNING * * *
The wyvern bites you.
* * * LOW HITPOINT WARNING * * *
Firing (i - inventory. (/) - cycle)
d - 40 arrows (quivered)
Press: ? - help, Shift-Dir - straight line, f/p - wyvern
Aim: a wyvern (heavily wounded)
You shoot an arrow. The arrow barely misses the wyvern.
The wyvern bites you!
You die...

.##.....##.###.#รท#...............
..##.#.....###........#.....#....
#.##.####.....##.##..............
#.##.#####.#####.#............#..
.............................##l.
#)##.#####..........((.#....<#..#
#<##.# ##.........(........#....#
#[.#.# #.........l......#..###..#
##.#.# #........@.......#)..###.#
.....# #.....................##.#
####)# #...................#.....
#.# #.........................
###.###....................##.##
#.............................##
#.............##..........>.....
#.........########........###...
#.........# #........# ###.


You could see a wyvern.

Vanquished Creatures
  An ogre (D:4)
  A centaur (D:5)
  A scorpion (D:4)
  3 crimson imps (D:4)
  A bullfrog zombie (D:5)
  A jelly (D:4)
  A centaur skeleton (D:3)
  2 hounds (D:5)
  An iguana (D:5)
  4 orc wizards
  3 worker ants (D:4)
  A hound skeleton (D:4)
  5 adders
  A shadow imp (D:5)
  An ooze (D:1)
  3 worms
  7 dart slugs
  6 leopard geckos
  8 orcs
  6 giant cockroaches
  6 goblins
  8 hobgoblins
  2 jackals (D:4)
  5 kobolds
  3 quokkas
  2 ball pythons
  6 bats
  4 frilled lizards
  2 quokka skeletons
  8 rats
103 creatures vanquished.

Notes
Turn   | Place    | Note
-------+----------+-------------------------------------------
     0 | D:1      | Kagalorn the Centaur Arcane Marksman began the quest for
                  | the Orb.
     0 | D:1      | Reached XP level 1. HP: 16/16 MP: 2/2
   267 | D:1      | Reached skill level 3 in Bows
   267 | D:1      | Reached XP level 2. HP: 20/23 MP: 3/3
   758 | D:1      | Reached XP level 3. HP: 28/28 MP: 5/5
  1578 | D:2      | Reached XP level 4. HP: 36/36 MP: 6/6
  1889 | D:2      | Found a faded altar of an unknown god.
  2692 | D:3      | Reached skill level 4 in Bows
  2830 | D:3      | Reached XP level 5. HP: 37/42 MP: 6/8
  3064 | D:3      | Noticed Grinder
  3909 | D:4      | Reached XP level 6. HP: 51/51 MP: 9/9
  4275 | D:5      | Entered Level 5 of the Dungeon
  4287 | D:5      | Reached skill level 5 in Bows
  4641 | D:4      | Reached XP level 7. HP: 59/59 MP: 11/11
  4860 | D:4      | Reached skill level 6 in Bows
  5920 | D:5      | Found Madeod's General Store.
  6059 | D:5      | Found a burning altar of Makhleb.
  6154 | D:5      | Found Boce's Armour Shoppe.
  6224 | D:6      | Noticed a wyvern
  6509 | D:5      | Slain by a wyvern

Illustrated notes

Levels and vault maps discovered:
D:1:      dpeg_arrival_houses_and_road, layout_rooms, interstate_on_off,
          minmay_close_crescents
D:2:      layout_loops_corners, chequers_ecumenical_altar_simple_redux,
          st_stairs_13
D:3:      layout_loops_corners, uniq_grinder
D:4:      layout_loops_corners
D:5:      layout_rooms, serial_shops, kennysheep_mini_moat, shop_statue,
          first_ration, minmay_ruined_shrine
D:6:      layout_basic, hangedman_glass_teeth, uniq_blork_the_orc

Skill      XL: |  1  2  3  4  5  6  7 |
---------------+----------------------+-----
Bows           | 3 4 5 6 |  6.8
Hexes          | 3 4 |  4.4
Fighting       | 2 3 4 |  4.7
Spellcasting   | 2 3 |  3.0
Dodging        | |  1.3

Action                   |  1- 3 |  4- 6 |  7- 9 || total
-------------------------+-------+-------+-------++-------
Melee: Unarmed           |    15 |       |       ||    15
       Spear             |   129 |   204 |   231 ||   564
       Kick              |    25 |    41 |    44 ||   110
 Fire: Shortbow          |    13 |     5 |    35 ||    53
Throw: Dart              |       |    25 |    12 ||    37
  Use: Scroll            |       |     1 |     5 ||     6
       Potion            |       |       |     1 ||     1
  Eat: Chunk             |     1 |     9 |     4 ||    14
Armor: Robe              |    37 |     8 |       ||    45
       Scale mail        |       |    62 |   102 ||   164
Dodge: Dodged            |    68 |    75 |    72 ||   215
